TOP OF THE 1ST |
Grafton Middies batting - Pitching for Athletic Club KC : RHP Sook Sung-Man
|
Pitching: RHP Sook Sung-Man
|
|
Batting: LHB Bartolo Soto
|
0-0: Called Strike 0-1: Ball 1-1: Foul Ball, location: 2F 1-2: Foul Ball, location: 2F 1-2: Foul Ball, location: 2F 1-2: Ground out U3 (Groundball, 34)
|
Batting: LHB Job Pels
|
0-0: Ball 1-0: Fly out, F6 (Line Drive, 6M)
|
Batting: LHB Mario Ramos
|
0-0: Called Strike 0-1: Ground out 6-3 (Groundball, 6)
|
Top of the 1st over - 0 runs, 0 hits, 0 errors, 0 left on base; Grafton 0 - Athletic Club KC 0 |
BOTTOM OF THE 1ST |
Athletic Club KC batting - Pitching for Grafton Middies : RHP António Marés
|
Pitching: RHP António Marés
|
|
Batting: RHB Richard Younger
|
0-0: Called Strike 0-1: Swinging Strike 0-2: Foul Ball, location: 2F 0-2: Strikes out swinging
|
Batting: RHB Jesús Vargas
|
0-0: Called Strike 0-1: Ball 1-1: Ground out 6-3 (Groundball, 6)
|
Batting: LHB Tsai Ng
|
0-0: Called Strike 0-1: Ball 1-1: Foul Ball, location: 2F 1-2: Ball 2-2: Ground out 1-3 (Groundball, 15)
|
Bottom of the 1st over - 0 runs, 0 hits, 0 errors, 0 left on base; Grafton 0 - Athletic Club KC 0 |
TOP OF THE 2ND |
Grafton Middies batting - Pitching for Athletic Club KC : RHP Sook Sung-Man
|
Batting: RHB Pedro Santos
|
0-0: Swinging Strike 0-1: Foul Ball, location: 2F 0-2: Ball 1-2: Strikes out swinging
|
Batting: RHB Jerry Yates
|
0-0: Ball 1-0: Foul Ball, location: 2F 1-1: Called Strike 1-2: Foul Ball, location: 2F 1-2: Ball 2-2: Foul Ball, location: 2F 2-2: Ground out 6-3 (Groundball, 6D)
|
Batting: RHB Carlos Maldonado
|
0-0: Ball 1-0: SINGLE (Groundball, 56D)
|
Batting: RHB Ramón Gómez
|
0-0: Ball Carlos Maldonado steals 2nd base 1-0: SINGLE (Groundball, 6MD) Carlos Maldonado to third Runner from 3rd tries for Home, SAFE, no throw
|
Batting: LHB Juan Caro
|
0-0: Called Strike Ramón Gómez steals 2nd base 0-1: Ball 1-1: Ball 2-1: Ball 3-1: Base on Balls
|
Batting: RHB Rubén Marino
|
0-0: Called Strike 0-1: Ball 1-1: Called Strike 1-2: Fly out, F8 (Flyball, 8RD)
|
Top of the 2nd over - 1 run, 2 hits, 0 errors, 2 left on base; Grafton 1 - Athletic Club KC 0 |
BOTTOM OF THE 2ND |
Athletic Club KC batting - Pitching for Grafton Middies : RHP António Marés
|
Batting: SHB Pedro Vázquez
|
0-0: Ball 1-0: Foul Ball, location: 2F 1-1: Fly out, F7 (Flyball, 7S)
|
Batting: LHB Jesús Reyes
|
0-0: Swinging Strike 0-1: Foul Ball, location: 2F 0-2: Ball 1-2: Ball 2-2: Foul Ball, location: 2F 2-2: Foul Ball, location: 2F 2-2: Ball 3-2: Base on Balls
|
Batting: SHB Sul-shik Yu
|
0-0: Called Strike 0-1: Ball 1-1: Fielders Choice at 2nd, 6-4 (Groundball, 6)
|
Batting: RHB Pil-joong Pak
|
0-0: Called Strike 0-1: Foul Ball, location: 2F 0-2: Ball 1-2: Strikes out swinging
|
Bottom of the 2nd over - 0 runs, 0 hits, 0 errors, 1 left on base; Grafton 1 - Athletic Club KC 0 |
TOP OF THE 3RD |
Grafton Middies batting - Pitching for Athletic Club KC : RHP Sook Sung-Man
|
Batting: LHB Bartolo Soto
|
0-0: Ground out 4-3 (Groundball, 4S)
|
Batting: LHB Job Pels
|
0-0: Fly out, F8 (Line Drive, 8LS)
|
Batting: LHB Mario Ramos
|
0-0: Foul Ball, location: 2F 0-1: Ball 1-1: DOUBLE (Flyball, 78D)
|
Batting: RHB Pedro Santos
|
0-0: Swinging Strike 0-1: Ball 1-1: Ball 2-1: SINGLE (Line Drive, 4M) Mario Ramos to third Runner from 3rd tries for Home, SAFE, no throw
|
Batting: RHB Jerry Yates
|
0-0: Ball 1-0: Called Strike 1-1: Called Strike 1-2: Fly out, F9 (Flyball, 9LS)
|
Top of the 3rd over - 1 run, 2 hits, 0 errors, 1 left on base; Grafton 2 - Athletic Club KC 0 |
BOTTOM OF THE 3RD |
Athletic Club KC batting - Pitching for Grafton Middies : RHP António Marés
|
Batting: LHB Matt Herman
|
0-0: Ball 1-0: Foul Ball, location: 2F 1-1: Fly out, F7 (Flyball, 7LMF)
|
Batting: RHB Khal Drogo
|
0-0: Swinging Strike 0-1: Swinging Strike 0-2: Strikes out looking
|
Batting: RHB Richard Younger
|
0-0: Called Strike 0-1: Ball 1-1: SINGLE (Groundball, 6MD)
|
Batting: RHB Jesús Vargas
|
0-0: Ball 1-0: Fly out, F9 (Flyball, 9S)
|
Bottom of the 3rd over - 0 runs, 1 hit, 0 errors, 1 left on base; Grafton 2 - Athletic Club KC 0 |
TOP OF THE 4TH |
Grafton Middies batting - Pitching for Athletic Club KC : RHP Sook Sung-Man
|
Batting: RHB Carlos Maldonado
|
0-0: Ball 1-0: Called Strike 1-1: Ball 2-1: Fly out, F8 (Line Drive, 8LM)
|
Batting: RHB Ramón Gómez
|
0-0: Called Strike 0-1: Ground out 1-3 (Groundball, 13)
|
Batting: LHB Juan Caro
|
0-0: Called Strike 0-1: Ball 1-1: Called Strike 1-2: Ball 2-2: SINGLE (Groundball, 34D)
|
Batting: RHB Rubén Marino
|
0-0: Ball 1-0: Fly out, F7 (Line Drive, 7)
|
Top of the 4th over - 0 runs, 1 hit, 0 errors, 1 left on base; Grafton 2 - Athletic Club KC 0 |
BOTTOM OF THE 4TH |
Athletic Club KC batting - Pitching for Grafton Middies : RHP António Marés
|
Batting: LHB Tsai Ng
|
0-0: Called Strike 0-1: Ball 1-1: Ground out U3 (Groundball, 3L)
|
Batting: SHB Pedro Vázquez
|
0-0: Foul Ball, location: 2F 0-1: Ball 1-1: Called Strike 1-2: Ground out 6-3 (Groundball, 6)
|
Batting: LHB Jesús Reyes
|
0-0: Called Strike 0-1: Ball 1-1: Ball 2-1: Ground out 1-3 (Groundball, P)
|
Bottom of the 4th over - 0 runs, 0 hits, 0 errors, 0 left on base; Grafton 2 - Athletic Club KC 0 |
TOP OF THE 5TH |
Grafton Middies batting - Pitching for Athletic Club KC : RHP Sook Sung-Man
|
Batting: LHB Bartolo Soto
|
0-0: Ball 1-0: Ball 2-0: Ground out U3 (Groundball, 3L)
|
Batting: LHB Job Pels
|
0-0: Ball 1-0: Ball 2-0: Called Strike 2-1: Called Strike 2-2: Strikes out looking
|
Batting: LHB Mario Ramos
|
0-0: Ball 1-0: Swinging Strike 1-1: Ball 2-1: Ball 3-1: Called Strike 3-2: Base on Balls
|
Batting: RHB Pedro Santos
|
0-0: Foul Ball, location: 2F 0-1: Fly out, F8 (Flyball, 8RD)
|
Top of the 5th over - 0 runs, 0 hits, 0 errors, 1 left on base; Grafton 2 - Athletic Club KC 0 |
BOTTOM OF THE 5TH |
Athletic Club KC batting - Pitching for Grafton Middies : RHP António Marés
|
Batting: SHB Sul-shik Yu
|
0-0: Swinging Strike 0-1: Ball 1-1: Foul Ball, location: 2F 1-2: Strikes out looking
|
Batting: RHB Pil-joong Pak
|
0-0: Called Strike 0-1: Ball 1-1: Swinging Strike 1-2: Ball 2-2: Strikes out swinging
|
Batting: LHB Matt Herman
|
0-0: Swinging Strike 0-1: Foul Ball, location: 2F 0-2: Ball 1-2: Strikes out swinging
|
Bottom of the 5th over - 0 runs, 0 hits, 0 errors, 0 left on base; Grafton 2 - Athletic Club KC 0 |
TOP OF THE 6TH |
Grafton Middies batting - Pitching for Athletic Club KC : RHP Sook Sung-Man
|
Batting: RHB Jerry Yates
|
0-0: Ball 1-0: Called Strike 1-1: Ball 2-1: SINGLE (Line Drive, 56)
|
Batting: RHB Carlos Maldonado
|
0-0: Ball 1-0: Ball 2-0: Called Strike 2-1: Ball 3-1: Swinging Strike 3-2: Strikes out swinging
|
Batting: RHB Ramón Gómez
|
0-0: Ball 1-0: Ball 2-0: Foul Ball, location: 2F 2-1: Fielders Choice at 2nd, 5-4 (Groundball, 5)
|
Batting: LHB Juan Caro
|
0-0: Called Strike 0-1: Foul Ball, location: 2F 0-2: Ball Ramón Gómez steals 2nd base 1-2: Ball 2-2: Foul Ball, location: 2F 2-2: Ground out 6-3 (Groundball, 6M)
|
Top of the 6th over - 0 runs, 1 hit, 0 errors, 1 left on base; Grafton 2 - Athletic Club KC 0 |
BOTTOM OF THE 6TH |
Athletic Club KC batting - Pitching for Grafton Middies : RHP António Marés
|
Batting: RHB Khal Drogo
|
0-0: Called Strike 0-1: Ball 1-1: Ball 2-1: Foul Ball, location: 2F 2-2: Ground out U3 (Groundball, 3L)
|
Batting: RHB Richard Younger
|
0-0: Swinging Strike 0-1: Ball 1-1: Ball 2-1: Called Strike 2-2: DOUBLE (Line Drive, 89XD)
|
Batting: RHB Jesús Vargas
|
0-0: Ball 1-0: Called Strike 1-1: 2-RUN HOME RUN (Flyball, 7D), Distance : 398 ft
|
Batting: LHB Tsai Ng
|
0-0: Ball 1-0: Foul Ball, location: 2F 1-1: Fly out, F9 (Flyball, 89M)
|
Batting: SHB Pedro Vázquez
|
0-0: Ball 1-0: Ball 2-0: Ground out 5-3 (Groundball, 56)
|
Bottom of the 6th over - 2 runs, 2 hits, 0 errors, 0 left on base; Grafton 2 - Athletic Club KC 2 |
TOP OF THE 7TH |
Grafton Middies batting - Pitching for Athletic Club KC : RHP Sook Sung-Man
|
Batting: RHB Rubén Marino
|
0-0: Called Strike 0-1: Ball 1-1: Swinging Strike 1-2: Foul Ball, location: 2F 1-2: Foul Ball, location: 2F 1-2: Fly out, F8 (Flyball, 8RD)
|
Batting: LHB Bartolo Soto
|
0-0: Called Strike 0-1: Ground out U3 (Groundball, 34S)
|
Batting: LHB Job Pels
|
0-0: Ball 1-0: Reached via error on a dropped throw, E1
|
Batting: LHB Mario Ramos
|
0-0: Swinging Strike Job Pels steals 2nd base 0-1: Ball 1-1: Fly out, F6 (Flyball, 56D)
|
Top of the 7th over - 0 runs, 0 hits, 1 error, 1 left on base; Grafton 2 - Athletic Club KC 2 |
BOTTOM OF THE 7TH |
Athletic Club KC batting - Pitching for Grafton Middies : RHP António Marés
|
Batting: LHB Jesús Reyes
|
0-0: Called Strike 0-1: Fly out, F9 (Flyball, 9LS)
|
Batting: SHB Sul-shik Yu
|
0-0: Ground out 6-3 (Groundball, 6M)
|
Batting: RHB Pil-joong Pak
|
0-0: Swinging Strike 0-1: Ball 1-1: Ball 2-1: Ball 3-1: Foul Ball, location: 2F 3-2: Base on Balls
|
Batting: LHB Matt Herman
|
0-0: Called Strike 0-1: Ball 1-1: Foul Ball, location: 2F 1-2: Foul Ball, location: 2F 1-2: Ground out 4-3 (Groundball, 4)
|
Bottom of the 7th over - 0 runs, 0 hits, 0 errors, 1 left on base; Grafton 2 - Athletic Club KC 2 |
TOP OF THE 8TH |
Grafton Middies batting - Pitching for Athletic Club KC : RHP Sook Sung-Man
|
Batting: RHB Pedro Santos
|
0-0: Called Strike 0-1: Ball 1-1: Ball 2-1: SINGLE (Groundball, 4S) (infield hit)
|
Pitching: RHP Raúl Luna
|
|
Batting: RHB Jerry Yates
|
0-0: Fielders Choice at 2nd, 6-4 (Groundball, 6)
|
Batting: RHB Carlos Maldonado
|
0-0: Ball 1-0: Called Strike 1-1: Called Strike 1-2: Ball 2-2: Foul Ball, location: 2F 2-2: SINGLE (Line Drive, 7S) Jerry Yates to second
|
Pinch Hitting: LHB Jorge Flores
|
0-0: Called Strike 0-1: Ball 1-1: Foul Ball, location: 2F 1-2: Strikes out looking
|
Batting: LHB Juan Caro
|
0-0: Called Strike 0-1: Ball 1-1: Foul Ball, location: 2F 1-2: Ball 2-2: Strikes out swinging
|
Top of the 8th over - 0 runs, 2 hits, 0 errors, 2 left on base; Grafton 2 - Athletic Club KC 2 |
BOTTOM OF THE 8TH |
Athletic Club KC batting - Pitching for Grafton Middies : RHP António Marés
|
Now at 2B: Orlando Reyes
|
|
Now in LF: Mariano Sánchez
|
|
Batting: RHB Khal Drogo
|
0-0: Called Strike 0-1: Ball 1-1: Ball 2-1: Foul Ball, location: 2F 2-2: Foul Ball, location: 2F 2-2: Ground out 5-3 (Groundball, 5L)
|
Pitching: RHP Scott Woodger
|
|
Batting: RHB Richard Younger
|
0-0: Called Strike 0-1: Ball 1-1: Called Strike 1-2: Ball 2-2: Ball 3-2: Foul Ball, location: 2F 3-2: Foul Ball, location: 2F 3-2: Foul Ball, location: 2F 3-2: Strikes out looking
|
Batting: RHB Jesús Vargas
|
0-0: Called Strike 0-1: Foul Ball, location: 2F 0-2: Strikes out looking
|
Bottom of the 8th over - 0 runs, 0 hits, 0 errors, 0 left on base; Grafton 2 - Athletic Club KC 2 |
TOP OF THE 9TH |
Grafton Middies batting - Pitching for Athletic Club KC : RHP Raúl Luna
|
Batting: RHB Rubén Marino
|
0-0: Ball 1-0: Ball 2-0: Ball 3-0: Called Strike 3-1: Foul Ball, location: 2F 3-2: Strikes out swinging
|
Batting: LHB Bartolo Soto
|
0-0: Called Strike 0-1: Swinging Strike 0-2: Ball 1-2: Foul Ball, location: 2F 1-2: Ball 2-2: Foul Ball, location: 2F 2-2: Foul Ball, location: 2F 2-2: Strikes out swinging
|
Batting: LHB Job Pels
|
0-0: Called Strike 0-1: Called Strike 0-2: Ball 1-2: Strikes out swinging
|
Top of the 9th over - 0 runs, 0 hits, 0 errors, 0 left on base; Grafton 2 - Athletic Club KC 2 |
BOTTOM OF THE 9TH |
Athletic Club KC batting - Pitching for Grafton Middies : RHP Scott Woodger
|
Batting: LHB Tsai Ng
|
0-0: Called Strike 0-1: Ground out 4-3 (Groundball, 4)
|
Batting: SHB Pedro Vázquez
|
0-0: Called Strike 0-1: Ball 1-1: Called Strike 1-2: Strikes out looking
|
Batting: LHB Jesús Reyes
|
0-0: Swinging Strike 0-1: Ball 1-1: Ball 2-1: Swinging Strike 2-2: Foul Ball, location: 2F 2-2: Foul Ball, location: 2F 2-2: Foul Ball, location: 2F 2-2: Ball 3-2: Base on Balls
|
Pinch Hitting: RHB Andrés Medina
|
0-0: SINGLE (Groundball, 56D) Jesús Reyes to second
|
Batting: RHB Pil-joong Pak
|
0-0: Swinging Strike 0-1: Ball 1-1: Fielders Choice at 2nd, 6-4 (Groundball, 56)
|
Bottom of the 9th over - 0 runs, 1 hit, 0 errors, 2 left on base; Grafton 2 - Athletic Club KC 2 |
TOP OF THE 10TH |
Grafton Middies batting - Pitching for Athletic Club KC : RHP Raúl Luna
|
Pitching: LHP Daniel Katz
|
|
Now at 3B: Andrés Medina
|
|
Batting: LHB Mario Ramos
|
0-0: Reached on error, E5 (Groundball, 56)
|
Batting: RHB Orlando Reyes
|
Pickoff Throw to First - Out! 0-0: Ball 1-0: Called Strike 1-1: Foul Ball, location: 2F 1-2: Foul Ball, location: 2F 1-2: Ball 2-2: SINGLE (Line Drive, 34D)
|
Batting: RHB Jerry Yates
|
0-0: Ball Orlando Reyes is caught stealing 2nd base 1-0: Foul Ball, location: 2F 1-1: Fly out, F3 (Line Drive, 34D)
|
Top of the 10th over - 0 runs, 1 hit, 1 error, 0 left on base; Grafton 2 - Athletic Club KC 2 |
BOTTOM OF THE 10TH |
Athletic Club KC batting - Pitching for Grafton Middies : RHP Scott Woodger
|
Pitching: RHP Kenete Daku
|
|
Batting: LHB Matt Herman
|
0-0: Called Strike 0-1: Ball 1-1: Ball 2-1: Swinging Strike 2-2: Ball 3-2: Strikes out looking
|
Batting: RHB Khal Drogo
|
0-0: Swinging Strike 0-1: Called Strike 0-2: Ball 1-2: Strikes out swinging
|
Batting: RHB Richard Younger
|
0-0: Called Strike 0-1: Ball 1-1: Ball 2-1: Fly out, F8 (Flyball, 8RM)
|
Bottom of the 10th over - 0 runs, 0 hits, 0 errors, 0 left on base; Grafton 2 - Athletic Club KC 2 |
TOP OF THE 11TH |
Grafton Middies batting - Pitching for Athletic Club KC : LHP Daniel Katz
|
Batting: RHB Carlos Maldonado
|
0-0: Called Strike 0-1: Foul Ball, location: 2F 0-2: Ground out 6-3 (Groundball, 6)
|
Batting: RHB Mariano Sánchez
|
0-0: Ball 1-0: Ball 2-0: Ground out 5-3 (Groundball, 56S)
|
Pinch Hitting: RHB Carlos De Jesús
|
0-0: Ball 1-0: Called Strike 1-1: Ball 2-1: Ball 3-1: Base on Balls
|
Batting: RHB Rubén Marino
|
0-0: Ball 1-0: Called Strike 1-1: Fly out, F6 (Line Drive, 4MD)
|
Top of the 11th over - 0 runs, 0 hits, 0 errors, 1 left on base; Grafton 2 - Athletic Club KC 2 |
BOTTOM OF THE 11TH |
Athletic Club KC batting - Pitching for Grafton Middies : RHP Kenete Daku
|
Now in RF: Carlos De Jesús
|
|
Batting: RHB Jesús Vargas
|
0-0: Called Strike 0-1: Ball 1-1: Foul Ball, location: 2F 1-2: Ground out 1-3 (Groundball, 15S)
|
Batting: LHB Tsai Ng
|
0-0: Ball 1-0: Foul Ball, location: 2F 1-1: Ball 2-1: Ball 3-1: Base on Balls
|
Batting: SHB Pedro Vázquez
|
0-0: Ball 1-0: Fly out, F8 (Line Drive, 8LXD)
|
Batting: LHB Jesús Reyes
|
0-0: DOUBLE (Line Drive, 8RXD) Tsai Ng to third Runner from 3rd tries for Home, SAFE, no throw
|
Tuesday, June 12th, 2018 - OOTP Baseball 18.8 Build 76
|
|